 Dungeon Sprint DCSS version 0.31.0-32-g396128a36d (webtiles) character file.

Game seed: 4297294411511037387

45292 Heoruswealwe the Swordmaster (level 14, -2/155 HPs)
             Began as a Minotaur Fighter on Apr 17, 2024.
             Was an Initiate of Gozag.
             Killed from afar by a tengu reaver (50 damage)
             ... with a bolt of fire
             ... in the Dungeon (Sprint IX: "|||||||||||||||||||||||||||||").
             The game lasted 00:48:38 (2310 turns).

Heoruswealwe the Swordmaster (Minotaur Fighter)     Turns: 2310, Time: 00:48:40

Health: -2/155     AC: 47    Str: 25    XL:     14   Next: 0%
Magic:  13/13      EV: 10    Int:  8    God:    Gozag
Gold:   217        SH: 17    Dex: 11    Spells: 13/13 levels left

rFire   . . .        b - +11 Screaming Sword {sonic wave}
rCold   + . .        d - +1 tower shield
rNeg    . . .        c - +8 orange crystal plate armour {Archmagi, Int+3 Clar}
rPois   +            g - +2 hat {SInv}
rElec   .            h - +2 cloak {rCorr}
rCorr   +            f - +1 pair of gloves
SInv    +            e - +0 pair of boots
Will    +....        i - amulet of regeneration Stlth
                     k - +2 ring of evasion
HPRegen 1.25/turn    j - ring "Woczit" {rPois rC+ rCorr}
MPRegen 0.13/turn

%: no teleportation, clarity, archmagi
@: gold aura
A: horns 2, retaliatory headbutt
a: Renounce Religion, Potion Petition, Call Merchant, Bribe Branch


You were in the Dungeon.
You worshipped Gozag.
Gozag was aware of your devotion.
You visited 1 branch You collected 13820 gold pieces.
You spent 9773 gold pieces at shops.
You paid 3830 gold pieces to Gozag.

Inventory:

Hand Weapons
 a - a +0 trident
 b - the +11 Screaming Sword (weapon) {sonic wave}
   (You found it in the Dungeon)
Armour
 c - the +8 orange crystal plate armour (worn) {Archmagi, Int+3 Clar}
   (You bought it in a shop in the Dungeon)

   Int+3:     It affects your intelligence (+3).
   Clar:      It protects you from confusion, rage, mesmerisation and fear.
 d - a +1 tower shield (worn)
 e - a +0 pair of boots (worn)
 f - a +1 pair of gloves (worn)
 g - a +2 hat of see invisible (worn)
 h - a +2 cloak of preservation (worn)
Jewellery
 i - an amulet of regeneration (around neck)
 j - the ring "Woczit" (right hand) {rPois rC+ rCorr}
   (You bought it in a shop in the Dungeon)

   [ring of poison resistance]

   rC+:       It protects you from cold.
   rPois:     It protects you from poison rCorr: It protects you from acid and
   corrosion.
 k - a +2 ring of evasion (left hand)
Talismans
 x - a talisman of death
Wands
 m - a wand of roots (15)
 z - a wand of mindburst (16)
Scrolls
 q - 4 scrolls of enchant weapon
 r - 2 scrolls of identify
 s - 3 scrolls of enchant armour
 y - 5 scrolls of blinking
Potions
 l - 11 potions of heal wounds
 n - 3 potions of might
 o - a potion of resistance
 p - a potion of berserk rage
 t - 9 potions of curing
 u - a potion of cancellation
 w - 2 potions of mutation
 A - 2 potions of haste
Miscellaneous
 v - a phial of floods
 C - a sack of spiders


   Skills:
 + Level 22.6 Fighting
 O Level 27 Long Blades
 - Level 6.4 Polearms
 + Level 22.6 Armour
 + Level 9.8 Dodging
 + Level 11.3 Shields
 + Level 6.8 Shapeshifting


You had 13 spell levels left.
You didn't know any spells.
Your spell library was empty.

Dungeon Overview and Level Annotations

Branches:
Dungeon (1/1)

Altars:
Cheibriados
Dithmenos
Elyvilon
Fedhas
Gozag
Hepliaklqana
Kikubaaqudgha
Makhleb
Nemelex Xobeh
Okawaru
Qazlal
Ru
Sif Muna
Trog
Uskayaw
Vehumet
Wu Jian
Xom
Yredelemnul
Zin
The Shining One
Jiyva
Lugonu

Shops:
D *(**(=![


Innate Abilities, Weirdness & Mutations

You have a pair of horns on your head.
You reflexively headbutt those who attack you in melee.


Message History

The tengu reaver is moderately wounded.
The necromancer is no longer distracted by gold.
The necromancer is almost dead.
The tengu reaver is no longer distracted by gold.
The tengu reaver is heavily wounded.
The fire dragon is no longer distracted by gold.
The fire dragon is moderately wounded.
You kill the deep troll shaman!
The necromancer mumbles some strange words.
The necromancer binds the souls of nearby monsters.
The tengu reaver is distracted by your dazzling golden aura.
The tengu reaver shouts!
You have reached level 14!
A mana viper comes into view.
The fire dragon is distracted by your dazzling golden aura.
You see here 180 gold pieces.
The tengu reaver is no longer distracted by gold.
The fire dragon is no longer distracted by gold.
The fire dragon breathes flames at you. The blast of flame hits you!!!
The necromancer gestures wildly while chanting.
The necromancer binds the souls of nearby monsters.
You hit the fire dragon.
The Screaming Sword howls, "MURDER!
DEATH!!
KILL!!!"
You send a blast of sound all around you.
The mana viper is lightly wounded.
The tengu reaver is heavily wounded.
You kill the necromancer!
The tengu reaver is severely wounded.
The fire dragon is heavily wounded. x2
You hear a shout!
You hear a trumpeting!
The fire dragon misses you. You furiously retaliate!
You headbutt the fire dragon.
The fire dragon claws you but does no damage.
The fire dragon tramples you but does no damage.
The tengu reaver gestures at you while chanting.
The bolt of fire hits the fire dragon!
The fire dragon resists.
The bolt of fire hits you!!!
You die...
Your body crumbles into a pile of gold.

▓.▓'▓.▓.▓.▓)▓.▓.
▓.▓.▓.▓.▓.▓.▓)▓.▓.
▓S▓.▓.▓.▓.▓.▓)▓.▓.
▓$▓.▓)▓.▓.▓.▓)▓.▓.
▓.▓.▓.▓.▓.▓.▓)▓.▓'
▓Q▓.▓)▓.▓[▓.▓)▓.▓.
▓Q▓.▓)▓.▓[▓.▓.▓.▓.
▓D▓.▓.▓.▓[▓.▓.▓.▓.
▓@▓.▓)▓.▓[▓.▓)▓.▓.
▓$▓.▓)▓.▓[▓.▓.▓.▓.
▓$▓.▓'▓.▓[▓.▓.▓.▓.
▓$▓.♣.♣.▓[▓.▓.▓.▓.
▓.▓.♣.♣.▓[▓.▓.▓.▓.
▓.▓.♣.♣.▓)▓.▓.▓.▓.
▓$▓.♣.♣.▓)▓.▓)▓.▓'
▓$▓.♣.♣.▓)▓.▓)▓.▓.
▓.▓.♣.♣.▓)▓.▓)▓.▓.


You could see a fire dragon (soul bound), 2 tengu reavers and a mana viper (soul
bound).

Vanquished Creatures
  Gastronok (D)
  A fire giant (D)
  2 frost giants (D)
  2 very ugly things (D)
  A spriggan defender (D)
  A stone giant (D)
  Snorg (D)
  An ettin (D)
  Harold (D)
  A shambling mangrove (D)
  3 hydras (D)
  A rakshasa (D)
  An alligator (D)
  A boulder beetle (D)
  3 ogre magi (D)
  Erica (D)
  A catoblepas (D)
  2 radroaches (D)
  2 deep troll shamans (D)
  A spriggan air mage (D)
  2 tengu warriors (D)
  2 deep troll earth magi (D)
  An occultist (D)
  2 orc high priests (D)
  2 naga sharpshooters (D)
  A skyshark (D)
  Urug (D)
  A shock serpent (D)
  An orb spider (D)
  A steelbarb worm (D)
  A lindwurm (D)
  A swamp dragon (D)
  2 harpies (D)
  3 orc knights (D)
  A necromancer (D)
  A deep elf pyromancer (D)
  A cyclops (shapeshifter) (D)
  A cyclops (D)
  4 ugly things (D)
  A salamander (D)
  A manticore (D)
  3 orc sorcerers (D)
  2 will-o-the-wisps (D)
  A guardian serpent (D)
  A merfolk siren (D)
  Joseph (D)
  2 cane toads (D)
  A water nymph (D)
  2 black mambas (D)
  3 elephants (D)
  A gargoyle (D)
  A freezing wraith (D)
  A rime drake (D)
  2 trolls (D)
  A polar bear (D)
  A wind drake (D)
  2 merfolk (D)
  3 tyrant leeches (D)
  2 tarantellas (D)
  A snapping turtle (D)
  A jumping spider (D)
  2 culicivoras (D)
  5 yaks (D)
  2 basilisks (D)
  A vampire mosquito (D)
  A naga (D)
  An acid dragon (D)
  4 water moccasins (D)
  9 orc warriors (D)
  A black bear (D)
  A centaur (D)
  5 orc priests (D)
  An iguana (D)
  2 orc wizards (D)
  An adder (D)
  A white imp (D)
  6 ribbon worms (D)
  16 orcs (D)
  A jackal (D)
  A quokka (D)
  2 bats (D)
  A rat (D)
155 creatures vanquished.

Vanquished Creatures (others)
  A naga mage (D)
  A foxfire (D)
2 creatures vanquished.

Grand Total: 157 creatures vanquished

Notes
Turn   | Place    | Note
-------+----------+-------------------------------------------
     0 | D        | Heoruswealwe the Minotaur Fighter began the quest for the
                  | Orb.
     0 | D        | Reached XP level 1. HP: 19/19 MP: 0/0
    20 | D        | Noticed an iguana
    25 | D        | Killed an iguana
    26 | D        | Reached skill level 5 in Fighting
    26 | D        | Reached skill level 5 in Polearms
    26 | D        | Reached skill level 5 in Armour
    26 | D        | Reached XP level 2. HP: 23/29 MP: 1/1
    26 | D        | Reached XP level 3. HP: 29/36 MP: 2/2
    56 | D        | Found a snail-covered altar of Cheibriados.
    56 | D        | Found a shadowy altar of Dithmenos.
    56 | D        | Found a white marble altar of Elyvilon.
    56 | D        | Found a blossoming altar of Fedhas.
    56 | D        | Found an opulent altar of Gozag.
    57 | D        | Found a hazy altar of Hepliaklqana.
    58 | D        | Found a viscous altar of Jiyva.
    59 | D        | Found an ancient bone altar of Kikubaaqudgha.
    60 | D        | Found a corrupted altar of Lugonu.
    61 | D        | Found a burning altar of Makhleb.
    62 | D        | Found a sparkling altar of Nemelex Xobeh.
    63 | D        | Found an iron altar of Okawaru.
    64 | D        | Became a worshipper of Gozag Ym Sagoz the Greedy
    65 | D        | Found a stormy altar of Qazlal.
    66 | D        | Found a sacrificial altar of Ru.
    67 | D        | Found a shimmering blue altar of Sif Muna.
    68 | D        | Found a bloodstained altar of Trog.
    69 | D        | Found a hide-covered altar of Uskayaw.
    70 | D        | Found a radiant altar of Vehumet.
    71 | D        | Found an ornate altar of the Wu Jian Council.
    72 | D        | Found a shimmering altar of Xom.
    73 | D        | Found a basalt altar of Yredelemnul.
    74 | D        | Found a glowing silver altar of Zin.
    75 | D        | Found a glowing golden altar of the Shining One.
    83 | D        | Found the +11 Singing Sword {sonic wave}
   148 | D        | Noticed a yak
   148 | D        | Noticed a troll
   148 | D        | Noticed a yak
   148 | D        | Noticed a centaur
   148 | D        | Noticed an acid dragon
   148 | D        | Noticed a yak
   151 | D        | Killed a troll
   151 | D        | Killed a yak
   151 | D        | Killed a centaur
   151 | D        | Killed an acid dragon
   151 | D        | Killed a yak
   152 | D        | Reached skill level 10 in Fighting
   152 | D        | Reached skill level 12 in Long Blades
   152 | D        | Reached skill level 10 in Armour
   152 | D        | Reached XP level 4. HP: 29/52 MP: 3/3
   152 | D        | Reached XP level 5. HP: 33/59 MP: 4/4
   152 | D        | Reached XP level 6. HP: 38/67 MP: 5/5
   152 | D        | Reached XP level 7. HP: 41/73 MP: 6/6
   155 | D        | Killed a yak
   156 | D        | Reached skill level 13 in Long Blades
   250 | D        | Noticed a vampire mosquito
   250 | D        | Noticed a troll
   250 | D        | Noticed a manticore
   250 | D        | Noticed a brown ugly thing
   250 | D        | Noticed a purple ugly thing
   250 | D        | Noticed a gargoyle
   259 | D        | Killed a vampire mosquito
   259 | D        | Killed a troll
   259 | D        | Killed a gargoyle
   260 | D        | Reached skill level 14 in Long Blades
   260 | D        | Reached XP level 8. HP: 74/83 MP: 7/7
   260 | D        | Killed a manticore
   260 | D        | Killed a purple ugly thing
   261 | D        | Reached skill level 16 in Long Blades
   261 | D        | Reached XP level 9. HP: 83/93 MP: 8/8
   264 | D        | Killed a brown ugly thing
   411 | D        | Noticed a catoblepas
   411 | D        | Noticed an elephant
   412 | D        | Noticed a four-headed hydra
   416 | D        | Killed an elephant
   417 | D        | Reached skill level 17 in Long Blades
   420 | D        | Noticed a rime drake
   422 | D        | Killed a catoblepas
   423 | D        | Reached skill level 18 in Long Blades
   423 | D        | Killed a rime drake
   423 | D        | Killed a five-headed hydra
   424 | D        | Reached skill level 19 in Long Blades
   424 | D        | Reached XP level 10. HP: 104/104 MP: 9/9
   434 | D        | Reached skill level 15 in Fighting
   434 | D        | Reached skill level 15 in Armour
   451 | D        | Noticed a skyshark
   451 | D        | Noticed a cane toad
   451 | D        | Noticed a cane toad
   451 | D        | Noticed an elephant
   454 | D        | Killed a cane toad
   454 | D        | Killed a cane toad
   454 | D        | Killed an elephant
   455 | D        | Reached skill level 20 in Long Blades
   457 | D        | Noticed an elephant
   462 | D        | Killed a skyshark
   468 | D        | Killed an elephant
   484 | D        | Noticed a lindwurm
   493 | D        | Killed a lindwurm
   494 | D        | Reached skill level 21 in Long Blades
   494 | D        | Reached XP level 11. HP: 106/115 MP: 10/10
   579 | D        | Noticed Erica
   588 | D        | Killed Erica
   673 | D        | Noticed an orc knight
   682 | D        | Killed an orc knight
   717 | D        | Noticed an orc high priest
   717 | D        | Noticed an orc sorcerer
   719 | D        | Reached skill level 22 in Long Blades
   719 | D        | Killed an orc sorcerer
   726 | D        | Killed an orc high priest
   779 | D        | Found Qerchoith's Antique Armour Boutique.
   779 | D        | Noticed an orc high priest
   779 | D        | Noticed an orc sorcerer
   781 | D        | Noticed an orc knight
   782 | D        | Found Oruiv's Distillery.
   784 | D        | Found Lojadesa's Jewellery Boutique.
   786 | D        | Killed an orc high priest
   786 | D        | Killed an orc sorcerer
   787 | D        | Reached skill level 23 in Long Blades
   788 | D        | Found Laes's Weapon Shop.
   788 | D        | Noticed an orc knight
   790 | D        | Killed an orc knight
   795 | D        | Noticed an orc sorcerer
   804 | D        | Killed an orc knight
   809 | D        | Killed an orc sorcerer
   883 | D        | Bought a potion of cancellation for 88 gold pieces
   883 | D        | Bought a potion of attraction for 33 gold pieces
   883 | D        | Bought a potion of mutation for 88 gold pieces
   883 | D        | Bought a potion of mutation for 88 gold pieces
   883 | D        | Bought a potion of curing for 33 gold pieces
   883 | D        | Bought a potion of curing for 33 gold pieces
   885 | D        | Bought a talisman of death for 880 gold pieces
   905 | D        | Bought a potion of heal wounds for 155 gold pieces
   905 | D        | Bought 3 scrolls labelled KUEGHAOZOU for 93 gold pieces
   905 | D        | Bought a slimy lead ring for 155 gold pieces
   905 | D        | Identified the ring "Woczit" {rPois rC+ rCorr} (You bought
                  | it in a shop in the Dungeon)
   905 | D        | Bought an embroidered cloak for 232 gold pieces
   924 | D        | Bought a scroll of fear for 52 gold pieces
   924 | D        | Bought a potion of curing for 39 gold pieces
   934 | D        | Bought a wand of roots (5) for 396 gold pieces
   934 | D        | Bought a phial of floods for 1320 gold pieces
   943 | D        | Noticed Joseph
   957 | D        | Killed Joseph
  1001 | D        | Noticed Urug
  1008 | D        | Killed Urug
  1011 | D        | Noticed Gastronok
  1021 | D        | Killed Gastronok
  1022 | D        | Reached skill level 24 in Long Blades
  1200 | D        | Noticed an ogre mage
  1200 | D        | Noticed an ogre mage
  1200 | D        | Noticed a deep elf pyromancer
  1200 | D        | Noticed a boulder beetle
  1201 | D        | Noticed an ogre mage
  1205 | D        | Killed an ogre mage
  1205 | D        | Killed a deep elf pyromancer
  1206 | D        | Reached XP level 12. HP: 118/128 MP: 11/11
  1206 | D        | Killed an ogre mage
  1207 | D        | Killed an ogre mage
  1208 | D        | Reached skill level 25 in Long Blades
  1208 | D        | Killed a boulder beetle
  1210 | D        | Noticed a purple very ugly thing
  1211 | D        | Noticed a stone giant
  1212 | D        | Noticed a tengu warrior
  1213 | D        | Noticed a tengu warrior
  1217 | D        | Noticed a deep troll earth mage
  1224 | D        | Killed a purple very ugly thing
  1227 | D        | Killed a tengu warrior
  1228 | D        | Killed a deep troll earth mage
  1228 | D        | Killed a tengu warrior
  1229 | D        | Killed a stone giant
  1230 | D        | Reached skill level 26 in Long Blades
  1327 | D        | Noticed Snorg
  1337 | D        | Killed Snorg
  1397 | D        | Noticed an alligator
  1397 | D        | Noticed a six-headed hydra
  1403 | D        | Killed a nine-headed hydra
  1404 | D        | Noticed a shambling mangrove
  1405 | D        | Killed an alligator
  1407 | D        | Noticed a six-headed hydra
  1412 | D        | Reached skill level 27 in Long Blades
  1416 | D        | Killed a shambling mangrove
  1417 | D        | Reached skill level 1 in Dodging
  1424 | D        | Reached skill level 1 in Shapeshifting
  1424 | D        | Reached XP level 13. HP: 123/141 MP: 12/12
  1451 | D        | Reached skill level 5 in Shields
  1521 | D        | Reached skill level 5 in Dodging
  1889 | D        | Bought the +8 orange crystal plate armour {Archmagi, Int+3
                  | Clar} for 4768 gold pieces
  1889 | D        | Found the +8 orange crystal plate armour {Archmagi, Int+3
                  | Clar}
  1889 | D        | Bought a sack of spiders for 1320 gold pieces
  2236 | D        | Noticed Harold
  2246 | D        | Killed Harold
  2247 | D        | Reached skill level 5 in Shapeshifting
  2270 | D        | Noticed a spriggan defender
  2270 | D        | Noticed an ettin
  2270 | D        | Noticed a fire giant
  2277 | D        | Killed a fire giant
  2283 | D        | Killed an ettin
  2283 | D        | Noticed a frost giant
  2284 | D        | Killed a spriggan defender
  2285 | D        | Reached skill level 10 in Shields
  2286 | D        | Noticed a frost giant
  2287 | D        | Noticed a white very ugly thing
  2292 | D        | Killed a frost giant
  2294 | D        | Noticed a fire dragon
  2295 | D        | Noticed a tengu reaver
  2296 | D        | Killed a frost giant
  2301 | D        | Killed a white very ugly thing
  2302 | D        | Noticed a tengu reaver
  2308 | D        | Reached XP level 14. HP: 82/155 MP: 13/13
  2310 | D        | Killed from afar by a tengu reaver

Illustrated notes

Levels and vault maps discovered:
D:        linesprint [early_d, line_temple, items_1, d_10, items_2, lair_1,
          lair_end, items_3, orc_1, orc_end, items_4, d_15, swamp_1, shoals_1,
          snake_1, spider_1, d_20, vaults_1, items_5, swamp_end, shoals_end,
          snake_end, spider_end, vaults_end, d_27, items_6, zot_1, zot_end,
          crypt_end, forest_end, elf_end, slime_end, tomb_end, abyss_end,
          pan_hell_end]

Skill      XL: |  1  2  3  4  5  6  7  8  9 10 11 12 13 |
---------------+----------------------------------------+-----
Polearms       | 5 6 |  6.4
Fighting       | 5 10 12 13 14 16 18 20 22 | 22.6
Armour         | 5 10 12 13 14 16 18 20 22 | 22.6
Long Blades    | 12 14 16 19 21 24 27 | 27.0
Dodging        | 1 9 |  9.8
Shields        | 4 11 | 11.3
Shapeshifting  | 1 6 |  6.8

Action                     |  1- 3 |  4- 6 |  7- 9 | 10-12 | 13-15 || total
---------------------------+-------+-------+-------+-------+-------++-------
  Melee: Trident           |    24 |       |       |       |       ||    24
         Headbutt          |     3 |       |     2 |    28 |    18 ||    51
         Double sword      |     3 |       |    20 |   149 |    95 ||   267
 Invoke: Call Merchant     |       |       |       |     4 |       ||     4
    Use: Scroll            |       |       |       |     1 |       ||     1
         Potion            |       |       |       |       |     1 ||     1
   Stab: Distracted        |       |       |       |     2 |       ||     2
 Armour: Scale mail        |    12 |       |       |       |       ||    12
         Plate armour      |     3 |       |    13 |    70 |    46 ||   132
         Crystal plate arm |       |       |       |       |    25 ||    25
  Dodge: Dodged            |    10 |       |     2 |    29 |     9 ||    50
  Block: Buckler           |     6 |       |     1 |    11 |       ||    18
         Tower shield      |       |       |       |    23 |    57 ||    80
